[Event "Titled Tuesday Blitz May 31 Early 2022"]
[White "Stribuk, Artiom"]
[Black "Ezat, Mohamed"]
[WhiteFideId "13515659"]
[BlackFideId "10600906"]
[WhiteElo "2259"]
[BlackElo "2386"]
[Result "1-0"]
[Round "06"]
[TimeControl "180+1"]
[Date "2022.06.01"]
[WhiteClock "0:00:06"]
[BlackClock "0:00:04"]

1. d4 Nf6 2. c4 g6 3. g3 Bg7 4. Bg2 O-O 5. Nf3 d6 6. O-O Nc6 7. Nc3 Bg4 8. d5 Na5 9. Nd2 c5 10. h3 Bd7 11. Qc2 a6 12. b3 b5 13. Bb2 Rb8 14. Rab1 Re8 15. Nd1 e5 16. e4 Nh5 17. Ne3 Rf8 18. Qd1 Qe8 19. Nf5 Rb6 20. Bc3 Nb7 21. Nxg7 Kxg7 22. Kh2 Kg8 23. f4 f6 24. Qe2 b4 25. Bb2 a5 26. a4 bxa3 27. Bxa3 Nd8 28. Bb2 Nf7 29. Bc3 Qa8 30. Ra1 Ra6 31. Bf3 Ng7 32. Bg4 Bxg4 33. Qxg4 a4 34. bxa4 Rxa4 35. Qd7 Rxa1 36. Rxa1 Qe8 37. Qxe8 Rxe8 38. Kg2 Rb8 39. Kf3 Re8 40. Ra7 Kf8 41. h4 Rb8 42. Rd7 Ra8 43. Ke3 Ra3 44. Kd3 Nh5 45. Nb1 Ra2 46. fxe5 Nxe5+ 47. Bxe5 fxe5 48. Rxd6 Nxg3 49. Rc6 Ne2 50. Nc3 Nf4+ 51. Ke3 Ra3 52. Kd2 Rb3 53. Kc2 Rb8 54. Rxc5 h6 55. Rb5 Rc8 56. c5 g5 57. hxg5 hxg5 58. c6 g4 59. Rb1 g3 60. Rg1 g2 61. Kd2 Ke7 62. Ne2 Rg8 63. Nxf4 exf4 64. e5 f3 65. Ke3 Rg5 66. d6+ Ke6 67. Kxf3 Rxe5 68. d7 Rd5 69. Kxg2 Ke7 70. Rc1 Kd8 71. c7+ Kxd7 72. c8=Q+ 1-0


[Site "https://www.chess.com"]

[Event "Titled Tuesday Blitz May 31 Early 2022"]
[White "Svane, Frederik"]
[Black "Gaehwiler, Gabriel"]
[WhiteFideId "12923044"]
[BlackFideId "1314530"]
[WhiteElo "2459"]
[BlackElo "2383"]
[Result "1-0"]
[Round "06"]
[TimeControl "180+1"]
[Date "2022.05.31"]
[WhiteClock "0:00:08"]
[BlackClock "0:00:03"]

1. e4 c5 2. Nf3 d6 3. Bb5+ Bd7 4. c4 Nc6 5. Nc3 g6 6. Bxc6 Bxc6 7. d4 Bg7 8. d5 Bd7 9. O-O f6 10. a3 Nh6 11. b4 b6 12. Bb2 O-O 13. Qd3 Rc8 14. h3 Nf7 15. Qe2 Ne5 16. Nd2 Nf7 17. Nd1 e5 18. dxe6 Bxe6 19. Ne3 Ne5 20. f4 Nc6 21. f5 Bf7 22. b5 Nd4 23. Bxd4 cxd4 24. Nc2 d5 25. exd5 Bxd5 26. Qd3 Bf7 27. Rf4 Qe7 28. Rxd4 Rfd8 29. Re1 Rxd4 30. Qxd4 Qc7 31. Ne3 Rd8 32. Nd5 Bxd5 33. cxd5 Qd7 34. fxg6 hxg6 35. Qd3 Kh7 36. a4 Qxd5 37. Qxd5 Rxd5 38. Nf3 Bf8 39. Re8 Bc5+ 40. Kf1 Rd7 41. Ke2 Kg7 42. Ra8 Kf7 43. Nd2 Ke6 44. Ne4 Be7 45. Rc8 Rd4 46. Rc6+ Ke5 47. Nc3 Bb4 48. Nb1 Ba5 49. Na3 Rxa4 50. Nc4+ Kd5 51. Ne3+ Ke5 52. Ng4+ Kd4 53. Rxf6 Rb4 54. Rd6+ Kc5 55. Rxg6 Rxb5 56. h4 Rb2+ 57. Kf3 Bc3 58. h5 a5 59. h6 a4 60. h7 a3 61. Nf6 a2 62. h8=Q a1=Q 63. Ne4+ Kb5 64. Nxc3+ Kc4 65. Qc8+ Kd3 66. Rd6+ Kc2 67. Nd1+ Kb3 68. Qc3+ 1-0


[Site "https://www.chess.com"]

[Event "Titled Tuesday Blitz May 31 Early 2022"]
[White "Swiercz, Dariusz"]
[Black "Perez Gormaz, Matias"]
[WhiteFideId "1126881"]
[BlackFideId "3406342"]
[WhiteElo "2627"]
[BlackElo "2341"]
[Result "1-0"]
[Round "06"]
[TimeControl "180+1"]
[Date "2022.05.31"]
[WhiteClock "0:01:11"]
[BlackClock "0:00:06"]

1. d4 d5 2. c4 e6 3. Nc3 a6 4. c5 b6 5. cxb6 c5 6. Nf3 Nc6 7. e3 cxd4 8. exd4 Qxb6 9. Bd3 Nf6 10. O-O Be7 11. Na4 Qa7 12. Be3 O-O 13. Rc1 Bd7 14. Nc5 Bxc5 15. Rxc5 Ne4 16. Bxe4 dxe4 17. d5 exf3 18. dxc6 fxg2 19. Re1 Bc8 20. Qd6 Re8 21. Rd1 h6 22. Rc3 Qb8 23. Qxb8 Rxb8 24. c7 Ra8 25. Rd8 Bb7 26. Rxa8 Rxa8 27. Rb3 Bd5 28. Rb8+ Kh7 29. Rxa8 Bxa8 30. c8=Q 1-0


[Site "https://www.chess.com"]

[Event "Titled Tuesday Blitz May 31 Early 2022"]
[White "Tarigan, Gilbert Elroy"]
[Black "Bodnaruk, Anastasia"]
[WhiteFideId "7108133"]
[BlackFideId "4181751"]
[WhiteElo "1908"]
[BlackElo "2332"]
[Result "0-1"]
[Round "06"]
[TimeControl "180+1"]
[Date "2022.06.01"]
[WhiteClock "0:00:01"]
[BlackClock "0:00:09"]

1. e4 c5 2. Nf3 d6 3. d4 cxd4 4. Nxd4 Nf6 5. Nc3 a6 6. f3 e5 7. Nb3 Be6 8. Be3 Nbd7 9. g4 Nb6 10. g5 Nh5 11. Qd2 Be7 12. O-O-O Rc8 13. Kb1 O-O 14. Rg1 Qc7 15. h4 Nc4 16. Bxc4 Qxc4 17. Rg2 f6 18. g6 hxg6 19. Rxg6 Bf7 20. Rg2 b5 21. Rdg1 Kh7 22. Nd5 Bxd5 23. exd5 Bd8 24. Rg4 Qc7 25. f4 Qd7 26. Qe2 Qf5 27. fxe5 fxe5 28. Nc1 Rf7 29. a3 Nf6 30. Rg5 Qe4 31. Qd2 Nxd5 32. Rh5+ Kg8 33. Bg5 Nf4 34. Bxf4 Qxf4 35. Qxd6 Bf6 36. Qe6 Rd8 0-1


[Site "https://www.chess.com"]

[Event "Titled Tuesday Blitz May 31 Early 2022"]
[White "Terry, Renato"]
[Black "Matinian, Nikita"]
[WhiteFideId "3803457"]
[BlackFideId "24129100"]
[WhiteElo "2577"]
[BlackElo "2422"]
[Result "1-0"]
[Round "06"]
[TimeControl "180+1"]
[Date "2022.05.31"]
[WhiteClock "0:00:16"]
[BlackClock "0:00:05"]

1. d4 Nf6 2. Nf3 g6 3. Bg5 Bg7 4. c3 d5 5. Nbd2 O-O 6. e3 b6 7. Be2 Bb7 8. O-O c5 9. a4 Nc6 10. h3 h6 11. Bf4 Nd7 12. Bh2 e5 13. dxe5 Ndxe5 14. Nxe5 Nxe5 15. Nf3 Nc4 16. Qc2 Qe7 17. Rfe1 Rad8 18. e4 Na5 19. exd5 Bxd5 20. Bc4 Qb7 21. Bxd5 Rxd5 22. Re2 Rfd8 23. Rae1 R8d7 24. h4 Nc6 25. Re8+ Kh7 26. Qe4 Rd8 27. h5 Rxe8 28. hxg6+ fxg6 29. Qxe8 Qd7 30. Qe2 Qf5 31. Bg3 Rd7 32. Nh4 Qd3 33. Qe6 Nd8 34. Qe8 Nf7 35. Re6 Nh8 36. Kh2 g5 37. Re3 Qd5 38. Nf3 Qf7 39. Qe4+ Qg6 40. Qg4 Nf7 41. Qxd7 1-0


[Site "https://www.chess.com"]

[Event "Titled Tuesday Blitz May 31 Early 2022"]
[White "Todev, Simeon"]
[Black "Bobomurodova, Maftuna"]
[WhiteFideId "2925133"]
[BlackFideId "14207400"]
[WhiteElo "1795"]
[BlackElo "1548"]
[Result "0-1"]
[Round "06"]
[TimeControl "180+1"]
[Date "2022.06.01"]
[WhiteClock "0:00:05"]
[BlackClock "0:00:14"]

1. e4 e5 2. Nf3 Nc6 3. d4 exd4 4. Bc4 Bc5 5. O-O d6 6. a3 Ne5 7. Nxe5 dxe5 8. f4 exf4 9. Qh5 Qe7 10. Bxf7+ Qxf7 11. Qxc5 Nf6 12. Bxf4 Be6 13. Qxd4 O-O 14. e5 Nd5 15. g3 g5 16. c4 Ne7 17. Nd2 gxf4 18. Rxf4 Qg7 19. Raf1 Rxf4 20. Rxf4 Nc6 21. Qe3 Rf8 22. Ne4 Rxf4 23. Qxf4 Qxe5 24. Qh4 Qd4+ 25. Kg2 Qxb2+ 26. Kh1 Qc1+ 27. Kg2 Qc2+ 28. Kh1 Qd1+ 29. Kg2 Qe2+ 30. Kg1 Bxc4 31. Qg5+ Kf7 32. Qf4+ Ke8 33. Nf6+ Ke7 34. Ng4 Qe1+ 35. Kg2 Qe6 36. Qg5+ Kd7 37. Qg7+ Qf7 38. Qd4+ Kc8 39. Nf6 b6 40. Qg4+ Kb7 41. Qf5 Be2 42. Kf2 Qe7 43. Qf4 Qc5+ 44. Kg2 Bb5 45. Ne8 Qxa3 46. Qxc7+ Ka6 47. Qc8+ Ka5 48. Qf5 Qa2+ 49. Kh3 Qc4 50. Nd6 Qf1+ 51. Qxf1 Bxf1+ 52. Kh4 Ne5 53. Ne4 b5 54. Nd2 Be2 55. Kg5 b4 56. Kf4 Nc4 57. Nb3+ Ka4 58. Nc5+ Ka3 59. Ke4 b3 60. Nxb3 Kxb3 61. Kd4 a5 0-1


[Site "https://www.chess.com"]

[Event "Titled Tuesday Blitz May 31 Early 2022"]
[White "Vasquez Schroeder, Rodrigo"]
[Black "Milanovic, Marko"]
[WhiteFideId "3400042"]
[BlackFideId "980129"]
[WhiteElo "2567"]
[BlackElo "2151"]
[Result "1-0"]
[Round "06"]
[TimeControl "180+1"]
[Date "2022.05.31"]
[WhiteClock "0:00:58"]
[BlackClock "0:00:04"]

1. e4 b6 2. d4 Bb7 3. Bd3 d6 4. Nf3 Nd7 5. O-O e5 6. Re1 Be7 7. c3 Ngf6 8. Nbd2 O-O 9. Nf1 Re8 10. Ng3 Bf8 11. h3 g6 12. Bg5 h6 13. Bd2 Bg7 14. Qc2 Qe7 15. Rad1 a5 16. a4 Rad8 17. Bb5 h5 18. d5 Nh7 19. b4 Ra8 20. Nf1 Bf6 21. Ne3 Ba6 22. Bc6 Ra7 23. Qb3 Bb7 24. Nc4 Bxc6 25. dxc6 Ndf8 26. Ne3 g5 27. Nd5 Qe6 28. Nh2 Ng6 29. Nf1 g4 30. hxg4 Qxg4 31. Bc1 Kh8 32. Rd3 Rg8 33. Rg3 Qe6 34. Qd1 h4 35. Rf3 Bd8 36. Rf5 h3 37. g3 Nh4 38. Rh5 Qg6 39. Nh2 Ng2 40. Rh6 Qg7 41. Rf1 Bg5 42. Bxg5 Qxg5 43. Rh5 Qg6 44. Qf3 axb4 45. cxb4 Kg7 46. Ne7 Qf6 47. Rxh7+ 1-0


[Site "https://www.chess.com"]

[Event "Titled Tuesday Blitz May 31 Early 2022"]
[White "Vlachos, Anatole"]
[Black "Rustemov, Alexander"]
[WhiteFideId "26093189"]
[BlackFideId "4119002"]
[WhiteElo "2361"]
[BlackElo "2827"]
[Result "1-0"]
[Round "06"]
[TimeControl "180+1"]
[Date "2022.05.31"]
[WhiteClock "0:00:08"]
[BlackClock "0:00:04"]

1. Nf3 d5 2. g3 c6 3. Bg2 Bf5 4. O-O e6 5. d3 Nf6 6. Nbd2 h6 7. Qe1 Bh7 8. e4 Be7 9. Qe2 O-O 10. b3 c5 11. Bb2 Nc6 12. Kh1 Rc8 13. a4 Qc7 14. Rac1 Rfd8 15. h3 a6 16. Nh2 b5 17. axb5 axb5 18. f4 dxe4 19. Nxe4 Nd4 20. Qf2 Nxe4 21. dxe4 b4 22. Ng4 Qb6 23. Ne5 Qb5 24. Nc4 Bf6 25. Rfd1 Rd7 26. e5 Be7 27. Kh2 Rcd8 28. Rd2 Nc6 29. Rcd1 Rxd2 30. Rxd2 Rxd2 31. Qxd2 Nd4 32. Nd6 Qa6 33. Bxd4 cxd4 34. Qxd4 Qe2 35. Qxb4 Bxc2 36. Qc4 Bd3 37. Qc8+ Kh7 38. Qb7 Bf8 39. b4 Qf2 40. Qf3 Qc2 41. b5 Bg6 42. b6 Qb2 43. b7 Be7 44. Qe3 Bd8 45. h4 h5 46. Kh3 Bc7 47. Qc5 Bb8 48. Qc8 Ba7 49. Qc6 Qb1 50. Qf3 Qg1 51. Qf1 Qe3 52. Kh2 f6 53. Qf3 Qc1 54. Qc6 fxe5 55. Qxc1 exf4 56. gxf4 e5 57. Be4 Bb8 58. Bxg6+ Kxg6 59. Qc2+ Kf6 60. Qc8 Ke7 61. Qxb8 exf4 62. Qc7+ Ke6 63. b8=Q f3 64. Qe8+ Kd5 65. Qcc6+ Kd4 66. Qee4# 1-0


[Site "https://www.chess.com"]

[Event "Titled Tuesday Blitz May 31 Early 2022"]
[White "Wagner, Dennis"]
[Black "Tasev, Dejan"]
[WhiteFideId "24650684"]
[BlackFideId "936618"]
[WhiteElo "2355"]
[BlackElo "2253"]
[Result "0-1"]
[Round "06"]
[TimeControl "180+1"]
[Date "2022.06.01"]
[WhiteClock "0:00:14"]
[BlackClock "0:00:29"]

1. e4 e5 2. Nf3 Nc6 3. Bc4 Nf6 4. d3 Bc5 5. c3 d6 6. O-O h6 7. Re1 Bb6 8. Nbd2 O-O 9. a4 a6 10. Bb3 Be6 11. Bxe6 fxe6 12. Nc4 Ba7 13. Be3 Bxe3 14. Rxe3 Qe8 15. b4 Nh5 16. g3 Qf7 17. Ra2 Ne7 18. Nh4 Nf6 19. d4 exd4 20. cxd4 Ng6 21. Nxg6 Qxg6 22. f3 b5 23. axb5 axb5 24. Na5 d5 25. e5 Nd7 26. Qc2 Qg5 27. Rc3 Nb6 28. Kg2 Nc4 29. Nxc4 bxc4 30. Rca3 Rxa3 31. Rxa3 h5 32. h4 Qe7 33. Qd2 Rb8 34. Ra4 c6 35. Kh3 Rf8 36. Ra6 Rxf3 37. Rxc6 Qf7 38. Qg5 Rf5 39. Qd8+ Kh7 40. Rc8 Rf1 41. Qg5 Rh1+ 42. Kg2 Qf1# 0-1


[Site "https://www.chess.com"]

[Event "Titled Tuesday Blitz May 31 Early 2022"]
[White "Yavuz, Efe Metehan"]
[Black "D`Arruda, Ricardo D."]
[WhiteFideId "34514570"]
[BlackFideId "100692"]
[WhiteElo "1890"]
[BlackElo "2454"]
[Result "1/2-1/2"]
[Round "06"]
[TimeControl "180+1"]
[Date "2022.06.01"]
[WhiteClock "0:00:17"]
[BlackClock "0:00:15"]

1. d4 Nf6 2. c4 e5 3. dxe5 Ne4 4. Nd2 Nc5 5. Ngf3 Nc6 6. e3 d6 7. Be2 dxe5 8. O-O Be7 9. b3 e4 10. Ne1 Bf6 11. Rb1 Nb4 12. Ba3 a5 13. Nc2 Bc3 14. Nd4 Bxd4 15. exd4 Qxd4 16. Bb2 Qd6 17. Re1 O-O 18. Nf1 Be6 19. Qxd6 cxd6 20. Bc3 Nxa2 21. Bd2 f5 22. f3 Nb4 23. fxe4 fxe4 24. Ng3 d5 25. Be3 Ncd3 26. Rf1 Rxf1+ 27. Rxf1 a4 28. bxa4 Rxa4 29. cxd5 Bxd5 30. Nf5 Nc6 31. Rb1 Rb4 32. Ra1 g6 33. Nh6+ Kg7 34. Ng4 Rb2 35. Bd1 h5 36. Nf2 Nxf2 37. Bxf2 Kf6 38. Rc1 Ke6 39. Ba4 b5 40. Bd1 b4 41. g4 hxg4 42. Bxg4+ Ke5 43. Bg3+ Kd4 44. Bh4 Kd3 45. Rc5 Kd4 46. Rc1 Kd3 47. Rc5 Rb1+ 48. Kf2 Kd4 49. Rc2 b3 50. Rd2+ Kc5 51. Ke2 b2 52. Bf2+ Kd6 53. Bg3+ Kc5 54. Bf2+ Kc4 55. Bc8 Re1+ 56. Bxe1 b1=Q 57. Ba6+ Kc5 58. Bf2+ Kd6 59. Bg3+ Ke6 60. Bc8+ Ke7 61. Bh4+ Kd6 62. Bg3+ Kc5 63. Bf2+ Kd6 64. Bg3+ Ne5 65. Ba6 Qb6 66. Bc4 Qc5 67. Rxd5+ Qxd5 68. Bxd5 Kxd5 69. Be1 Nf3 70. Bg3 Kd4 71. h4 Ne5 72. Bf2+ Kd5 73. Be3 Nf7 74. Bf4 Nd6 75. Bg3 Nf5 76. Bf2 Ke5 77. Be1 Kf4 78. Kd2 Kg4 79. Ke2 Nxh4 80. Bc3 Nf5 81. Be5 Kh3 82. Bf6 g5 83. Bxg5 Kg4 84. Bf6 Ng3+ 85. Ke3 Kf5 86. Bh4 Nf1+ 87. Kd4 Nh2 88. Bg3 Nf3+ 89. Ke3 Ne5 90. Be1 Nd3 91. Bd2 Nf4 92. Kf2 Nd5 93. Be3 Ke5 94. Ba7 Kf4 95. Bb8+ Kf5 96. Ba7 Ke5 97. Bb8+ Kd4 98. Ba7+ Kd3 99. Bc5 Nc3 100. Ba7 Ne2 101. Kg2 Nd4 102. Kf1 e3 103. Bxd4 Kxd4 104. Ke2 Ke4 105. Ke1 Kf3 106. Kf1 Kf4 107. Ke2 Ke4 108. Ke1 Kf4 109. Ke2 Ke4 1/2-1/2


[Site "https://www.chess.com"]

[Event "Titled Tuesday Blitz May 31 Early 2022"]
[White "Yuan, Qingyu"]
[Black "Alinasab, Mobina"]
[WhiteFideId "8609772"]
[BlackFideId "12528897"]
[WhiteElo "2359"]
[BlackElo "2031"]
[Result "1-0"]
[Round "06"]
[TimeControl "180+1"]
[Date "2022.05.31"]
[WhiteClock "0:00:16"]
[BlackClock "0:00:04"]

1. e4 c5 2. Nf3 e6 3. b3 d5 4. exd5 exd5 5. Bb2 Nf6 6. Bb5+ Bd7 7. Bxd7+ Nbxd7 8. O-O Be7 9. d4 O-O 10. Nbd2 Rc8 11. Re1 c4 12. c3 Nb6 13. Ne5 Bd6 14. h3 Bxe5 15. dxe5 Nfd7 16. Ba3 Re8 17. Bd6 cxb3 18. axb3 a6 19. Re3 Qg5 20. Nf3 Qh5 21. Qd4 Re6 22. Qf4 f6 23. Rae1 fxe5 24. Bxe5 Rf8 25. Qd4 Nxe5 26. Rxe5 Rxe5 27. Nxe5 Nc8 28. Qxd5+ Kh8 29. Nf7+ 1-0


[Site "https://www.chess.com"]

[Event "Titled Tuesday Blitz May 31 Early 2022"]
[White "Zaloznyy, Mike"]
[Black "Tuleyeva-Aketayeva, Dana"]
[WhiteFideId "2023075"]
[BlackFideId "13701932"]
[WhiteElo "2003"]
[BlackElo "1875"]
[Result "0-1"]
[Round "06"]
[TimeControl "180+1"]
[Date "2022.06.01"]
[WhiteClock "0:01:04"]
[BlackClock "0:00:05"]

1. e4 c5 2. a3 Nc6 3. b4 cxb4 4. axb4 Nxb4 5. d4 d5 6. c3 Nc6 7. exd5 Qxd5 8. Na3 Qe4+ 9. Be2 Qxg2 10. Bf3 Qg6 11. Nb5 Qe6+ 12. Ne2 Qd7 13. Bf4 e5 14. dxe5 Bc5 15. Qxd7+ Kxd7 16. O-O-O+ Ke7 17. Nc7 Rb8 18. Nd5+ Kf8 19. e6 Bxe6 20. Bxb8 Nxb8 21. Nc7 Ke7 22. Nxe6 fxe6 23. Bxb7 Bxf2 24. Nf4 Be3+ 25. Kc2 Bxf4 26. Rhe1 e5 27. Rg1 g6 28. c4 Nd7 29. Bd5 Ngf6 30. Ra1 Nxd5 31. cxd5 Ra8 32. Kd3 a5 33. Kc4 a4 34. Rgb1 Bxh2 35. Rb7 Kd6 36. Rh1 Bf4 37. Rxh7 Rd8 38. Ra7 Nb6+ 39. Kb5 Nxd5 40. Ra6+ Nb6 41. Rxb6+ Kd5 42. Kxa4 Ke4 43. Rb4+ Rd4 44. Rg7 g5 45. Kb3 Rxb4+ 46. Kxb4 Kf3 47. Kc3 e4 48. Kc2 Kf2 49. Re7 e3 50. Kd3 g4 51. Rf7 Kf3 52. Kc2 g3 53. Kd1 g2 54. Rg7 Kf2 55. Kc2 g1=Q 56. Rf7 Kf3 57. Kd3 Qd1+ 58. Kc4 Qc2+ 59. Kd5 Qb3+ 60. Kd4 Qxf7 61. Kd3 Qd7+ 0-1


[Site "https://www.chess.com"]

[Event "Titled Tuesday Blitz May 31 Early 2022"]
[White "Ajay Krishna, S"]
[Black "Plazuelo Pascual, Juan"]
[WhiteFideId "5096430"]
[BlackFideId "32059566"]
[WhiteElo "2247"]
[BlackElo "2359"]
[Result "1/2-1/2"]
[Round "07"]
[TimeControl "180+1"]
[Date "2022.06.01"]
[WhiteClock "0:00:05"]
[BlackClock "0:00:05"]

1. d4 Nf6 2. c4 e6 3. Nf3 d5 4. g3 dxc4 5. Bg2 a6 6. O-O Nc6 7. a4 Bd6 8. Qc2 Na5 9. Nbd2 O-O 10. Nxc4 Nxc4 11. Qxc4 b5 12. Qc2 Bb7 13. axb5 axb5 14. Bd2 Qe7 15. Nh4 Bxg2 16. Nxg2 c5 17. dxc5 Bxc5 18. Qb3 Ne4 19. Be3 Bxe3 20. Qxe3 Qb4 21. Rxa8 Rxa8 22. Nf4 Nd6 23. Nd3 Qe4 24. Qc5 Nf5 25. Nf4 g5 26. Nd3 Nd4 27. Qxg5+ Kf8 28. Qc5+ Ke8 29. Re1 Rd8 30. Qe5 Qxd3 31. exd3 Nf3+ 32. Kg2 Nxe5 33. Rxe5 Rxd3 34. Rxb5 Rd2 35. b4 Kf8 36. Rh5 Kg7 37. Rc5 Rb2 38. b5 Kg6 39. h4 h6 40. h5+ Kf6 41. g4 Rb3 42. f3 Kg7 43. Kg3 Kf6 44. Kf4 Rb4+ 45. Kg3 Rb3 46. Kf4 Rb4+ 47. Ke3 Rb3+ 48. Ke4 Rb4+ 49. Kd3 Rb3+ 50. Ke2 Kg7 51. Kf2 Rb4 52. Ke3 Rb3+ 53. Ke2 Kf6 54. f4 Rb4 55. Kf3 Rb3+ 56. Kf2 Rb4 57. Kg3 Rb3+ 58. Kh4 Rb4 59. Kg3 Rb3+ 60. Kg2 Rb4 61. g5+ Kg7 62. Kf3 Rb3+ 63. Kg4 Rb4 64. Re5 Rb3 65. g6 fxg6 66. hxg6 Kxg6 67. Rxe6+ Kg7 68. b6 Rb5 69. Rd6 Kh7 70. Rd7+ Kg6 71. b7 Kf6 72. Rh7 h5+ 73. Kf3 Rb4 74. Rd7 Ke6 75. Rg7 Rb3+ 76. Ke4 Rb4+ 77. Kd3 Kf6 78. Rd7 h4 79. Rh7 h3 80. Kc3 Rb6 81. Kc4 Rb1 82. Kc5 h2 83. Kc6 Rc1+ 84. Kb6 Rb1+ 85. Kc6 Rc1+ 86. Kd6 Rd1+ 87. Kc6 Rc1+ 1/2-1/2


[Site "https://www.chess.com"]

[Event "Titled Tuesday Blitz May 31 Early 2022"]
[White "Alinasab, Mobina"]
[Black "Maghsoodloo, Parham"]
[WhiteFideId "12528897"]
[BlackFideId "12539929"]
[WhiteElo "2031"]
[BlackElo "2630"]
[Result "0-1"]
[Round "07"]
[TimeControl "180+1"]
[Date "2022.05.31"]
[WhiteClock "0:00:01"]
[BlackClock "0:02:09"]

1. e4 c5 2. Nf3 e6 3. d4 cxd4 4. Nxd4 Nc6 5. Nc3 Qc7 6. g3 a6 7. Bg2 Bc5 8. Be3 d6 9. O-O Nf6 10. Re1 Ne5 11. Na4 Ba7 12. b3 b5 13. Nb2 Nfg4 14. c4 Nxe3 15. fxe3 bxc4 16. Rc1 c3 17. Na4 O-O 18. Nxc3 Qe7 19. Nf3 Ng4 20. Nd4 Ne5 21. Nf3 Nxf3+ 22. Qxf3 Bb7 23. Qf4 Rac8 24. e5 Bxg2 25. Kxg2 d5 26. Ne2 Qa3 27. h4 Qxa2 28. Kf1 Qxb3 29. Nd4 Qd3+ 30. Kg2 Rxc1 31. Rxc1 Qd2+ 0-1


[Site "https://www.chess.com"]

[Event "Titled Tuesday Blitz May 31 Early 2022"]
[White "Aravindh, Chithambaram VR."]
[Black "Gunina, Valentina"]
[WhiteFideId "5072786"]
[BlackFideId "4167570"]
[WhiteElo "2561"]
[BlackElo "2381"]
[Result "1-0"]
[Round "07"]
[TimeControl "180+1"]
[Date "2022.05.31"]
[WhiteClock "0:01:43"]
[BlackClock "0:01:23"]

1. b3 d5 2. Bb2 c6 3. c4 Nf6 4. g3 g6 5. Bg2 Bg7 6. Nf3 O-O 7. O-O a5 8. Nc3 Na6 9. d4 Bf5 10. Ne5 dxc4 11. bxc4 Nb4 12. e4 Be6 13. a3 Na6 14. d5 Bd7 15. Nd3 cxd5 16. cxd5 Rc8 17. e5 Ne8 18. Rc1 Bf5 19. Re1 Qb6 20. Ba1 Nec7 21. Rb1 Qd4 22. Ne4 Qa7 23. d6 Nd5 24. dxe7 Nxe7 25. Rxb7 Qa8 26. Rxe7 Bxe4 27. Bxe4 Qb8 28. Rb7 1-0


[Site "https://www.chess.com"]

[Event "Titled Tuesday Blitz May 31 Early 2022"]
[White "Atakhan, Abtin"]
[Black "Molina, Roberto Junio Brito"]
[WhiteFideId "22502203"]
[BlackFideId "2109450"]
[WhiteElo "2094"]
[BlackElo "2432"]
[Result "1-0"]
[Round "07"]
[TimeControl "180+1"]
[Date "2022.05.31"]
[WhiteClock "0:00:50"]
[BlackClock "0:00:04"]

1. Nf3 d5 2. d4 Nf6 3. c4 c6 4. Nc3 dxc4 5. a4 Bf5 6. Ne5 Nbd7 7. Nxc4 Nb6 8. Ne5 a5 9. h4 h6 10. f3 Nfd7 11. e4 Bh7 12. Nd3 e6 13. Be3 Bd6 14. Bf2 O-O 15. Qb3 Kh8 16. Be2 Rb8 17. g4 f5 18. gxf5 exf5 19. e5 Be7 20. Nf4 Qe8 21. e6 Nf6 22. Qxb6 Bd6 23. Bg3 Qe7 24. Rg1 Rbe8 25. O-O-O Bb4 26. Bc4 g5 27. hxg5 hxg5 28. Nd3 f4 29. Bf2 Nh5 30. d5 Bxc3 31. bxc3 Qa3+ 32. Qb2 Qxa4 33. Bd4+ Nf6 34. Bb3 Qb5 35. c4 Qa6 36. Bxf6+ 1-0


[Site "https://www.chess.com"]

[Event "Titled Tuesday Blitz May 31 Early 2022"]
[White "Avalos Parra, Joao"]
[Black "Lehtosaari, Mauri"]
[WhiteFideId "3402541"]
[BlackFideId "501999"]
[WhiteElo "2173"]
[BlackElo "2474"]
[Result "0-1"]
[Round "07"]
[TimeControl "180+1"]
[Date "2022.06.01"]
[WhiteClock "0:00:02"]
[BlackClock "0:00:12"]

1. d4 d5 2. c4 c6 3. Nf3 Nf6 4. e3 Bg4 5. Nc3 e6 6. h3 Bh5 7. Be2 Nbd7 8. Qc2 Bd6 9. O-O O-O 10. e4 Bg6 11. Nd2 dxe4 12. Ndxe4 Nxe4 13. Nxe4 Qh4 14. Bd3 Be7 15. Be3 f5 16. Nc3 Bd6 17. f4 Rad8 18. Rae1 Bf7 19. Nb1 Nf6 20. Nd2 Bb4 21. Nf3 Qh6 22. Re2 Bh5 23. Ref2 Bxf3 24. Rxf3 Rfe8 25. a3 Bd6 26. Qf2 Bc7 27. Bd2 a6 28. Bc3 Bb6 29. Re1 Qg6 30. Rg3 Qf7 31. Kh2 g6 32. Rf3 Bc7 33. Rfe3 Nh5 34. g3 Nf6 35. Qe2 Rd7 36. Rxe6 Rxe6 37. Qxe6 Qxe6 38. Rxe6 Kf7 39. Re1 Bb6 40. c5 Bc7 41. Bc4+ Nd5 42. Kg2 Kf6 43. Bxd5 Rxd5 44. Kf3 Kf7 45. g4 Bd8 46. Re2 Bf6 47. Kg3 Bxd4 48. Bxd4 Rxd4 49. Rc2 Rd3+ 50. Kh4 h6 51. gxf5 gxf5 52. Rc3 Rd2 53. Kh5 Kf6 54. Kxh6 Rd4 55. Kh5 Rxf4 56. Rg3 Rd4 57. Rg6+ Ke5 58. Rg8 Rd3 59. Re8+ Kf6 60. h4 Rb3 61. Rf8+ Ke5 62. Kg5 Rg3+ 63. Kh6 f4 64. h5 Ke4 65. Kh7 f3 66. Re8+ Kd3 67. h6 f2 68. Rd8+ Ke2 69. Re8+ Kf1 70. Rf8 Kg2 71. Rf7 f1=Q 72. Rxf1 Kxf1 73. b4 Ke2 0-1


[Site "https://www.chess.com"]

[Event "Titled Tuesday Blitz May 31 Early 2022"]
[White "Bachmann, Axel"]
[Black "Mitrovic, Darko R"]
[WhiteFideId "3700488"]
[BlackFideId "927023"]
[WhiteElo "2587"]
[BlackElo "2150"]
[Result "1-0"]
[Round "07"]
[TimeControl "180+1"]
[Date "2022.06.01"]
[WhiteClock "0:01:25"]
[BlackClock "0:00:01"]

1. e4 e6 2. Qe2 Be7 3. Nf3 d5 4. d3 Nf6 5. g3 O-O 6. Bg2 c5 7. O-O Nc6 8. e5 Nd7 9. c4 dxc4 10. dxc4 b6 11. Rd1 Bb7 12. Nc3 Qc8 13. Bf4 a6 14. h4 Na7 15. Ne4 Bc6 16. Nd6 Qc7 17. h5 b5 18. b3 bxc4 19. bxc4 Bxd6 20. Rxd6 Rab8 21. Qd3 Rb2 22. Ng5 g6 23. Bxc6 Nxc6 24. Rxd7 Qb6 25. hxg6 hxg6 26. Rxf7 Rxf7 27. Qxg6+ Rg7 28. Qe8# 1-0


[Site "https://www.chess.com"]

[Event "Titled Tuesday Blitz May 31 Early 2022"]
[White "Bethke, Richard"]
[Black "Gormally, Daniel W"]
[WhiteFideId "12959243"]
[BlackFideId "406465"]
[WhiteElo "2503"]
[BlackElo "2543"]
[Result "1-0"]
[Round "07"]
[TimeControl "180+1"]
[Date "2022.06.01"]
[WhiteClock "0:00:05"]
[BlackClock "0:00:08"]

1. e4 c5 2. Nf3 d6 3. d4 cxd4 4. Nxd4 Nf6 5. Nc3 Nc6 6. Bg5 e6 7. Qd2 Be7 8. O-O-O O-O 9. f4 Nxd4 10. Qxd4 h6 11. Bh4 Bd7 12. e5 dxe5 13. fxe5 Nd5 14. Bxe7 Qxe7 15. Nxd5 exd5 16. Qxd5 Be6 17. Qd6 Qg5+ 18. Qd2 Qxe5 19. Kb1 Rad8 20. Bd3 Rd7 21. g3 Rfd8 22. Rhe1 Qc5 23. Qe3 Qxe3 24. Rxe3 g5 25. Rf1 Kg7 26. b3 b6 27. Kb2 Rd4 28. Bf5 Bd5 29. Re7 a5 30. Bd3 Rd6 31. Kc3 Be6 32. Rc7 R4d5 33. Bc4 Rc5 34. Rxc5 bxc5 35. Rf2 Rd4 36. Bxe6 fxe6 37. a4 h5 38. Rd2 Re4 39. Rd7+ Kf6 40. Kd2 h4 41. Ra7 hxg3 42. hxg3 c4 43. Rxa5 cxb3 44. cxb3 Rg4 45. Rb5 Rxg3 46. a5 Rg2+ 47. Ke3 Ra2 48. b4 e5 49. Ke4 Re2+ 50. Kf3 Ra2 51. Ke4 Re2+ 52. Kf3 Ra2 53. Rb8 Kf5 54. Rf8+ Ke6 55. Kg4 Ra4 56. Rb8 Kd5 57. Kxg5 e4 58. Kf4 Kd4 59. Rb6 e3 60. Kf3 Ra2 61. Rd6+ Kc4 62. Kxe3 Kxb4 63. Rb6+ Kxa5 64. Rb8 Ra3+ 65. Kd4 Ra4+ 66. Kc5 Ra1 67. Ra8# 1-0


[Site "https://www.chess.com"]

[Event "Titled Tuesday Blitz May 31 Early 2022"]
[White "Bharath Subramaniyam H"]
[Black "Milanovic, Marko"]
[WhiteFideId "46634827"]
[BlackFideId "980129"]
[WhiteElo "2242"]
[BlackElo "2151"]
[Result "1-0"]
[Round "07"]
[TimeControl "180+1"]
[Date "2022.06.01"]
[WhiteClock "0:00:09"]
[BlackClock "0:00:03"]

1. c4 e6 2. Nc3 d5 3. d4 Nf6 4. Bg5 Be7 5. e3 O-O 6. Nf3 h6 7. Bh4 b6 8. cxd5 Nxd5 9. Bxe7 Qxe7 10. Nxd5 exd5 11. Rc1 Be6 12. Qb3 Rc8 13. Bb5 c6 14. Be2 Nd7 15. O-O c5 16. Qa3 Qf6 17. Bb5 Nf8 18. b3 Bd7 19. Ba6 Rc7 20. Ne5 Bc8 21. Be2 Bf5 22. Bf3 Qd6 23. Rfd1 Rac8 24. Nd3 Ne6 25. dxc5 bxc5 26. Nb2 d4 27. Nc4 Qe7 28. Bd5 dxe3 29. Nxe3 Nd4 30. Nxf5 Nxf5 31. Bc4 Qg5 32. Qb2 Nh4 33. Bf1 Rc6 34. Rc3 Qh5 35. Re1 Rf6 36. Rg3 Nf5 37. Qxf6 Nxg3 38. Qe7 Nxf1 39. Rxf1 Qg6 40. Qxa7 c4 41. bxc4 Rxc4 42. h3 Kh7 43. a4 Qc2 44. a5 Qa2 45. Qxf7 Ra4 46. Qf5+ Kg8 47. Re1 Qf7 48. Qc8+ Kh7 49. Qc2+ 1-0


[Site "https://www.chess.com"]